 Dungeon Sprint DCSS version 0.17-a0-1719-g1afd5a1 (webtiles) character file.

10200000 ztt the Plane Walker (level 27, -74/273 HPs)
             Began as a Ghoul Warper on Aug 27, 2015.
             Was the Champion of Makhleb.
             Annihilated by The Defiler
             ... wielding a +9 demon whip of slashing
              (158 damage)
             ... in the Dungeon (Sprint VIII: "Arena of Blood").
             The game lasted 00:02:28 (102 turns).

ztt the Plane Walker (Ghoul Warper)                  Turns: 102, Time: 00:02:29

Health: -74/273    AC:  6    Str: 20    XL:     27
Magic:  25/53      EV: 31    Int:  8    God:    Makhleb [******]
Gold:   0          SH:  0    Dex: 16    Spells: 1 memorised, 79 levels left

rFire  + . .     SeeInvis +     l - +∞ Axe of Woe
rCold  + . .     Clarity  .     b - +0 leather armour
rNeg   + + +     SustAt   .     (no shield)
rPois  ∞         Gourm    .     (no helmet)
rElec  .         Spirit   .     (no cloak)
rCorr  .         Warding  .     (no gloves)
rMut   .         NoTele   +     (no boots)
MR     ++...                    (no amulet)
Stlth  +++++++++.               n - ring of protection from fire
                                m - ring of see invisible

@: rotting, very resistant to hostile enchantments, incredibly stealthy
A: rotting body, claws 1, carnivore 3, cold resistance 1, negative energy
resistance 3, slow healing 1, torment resistance, unbreathing
a: Minor Destruction, Lesser Servant of Makhleb, Major Destruction, Greater
Servant of Makhleb, Renounce Religion


You were in the Dungeon.
You worshipped Makhleb.
Makhleb was exalted by your worship.
You were not hungry.

You visited 1 branch

Inventory:

Hand weapons
 a - a +0 hand axe
 l - the +∞ Axe of Woe (weapon)
   (You found it in the Dungeon)
Missiles
 e - 5 tomahawks of dispersal (quivered)
Armour
 b - a +0 leather armour (worn)
Jewellery
 m - a ring of see invisible (left claw)
 n - a ring of protection from fire (right claw)
Scrolls
 d - 2 scrolls of blinking
Potions
 g - a potion of curing
 h - a potion of heal wounds
 i - a potion of haste
 j - 2 potions of magic
 k - a potion of berserk rage
Books
 c - a book of Spatial Translocations

   Spells                             Type                      Level
   a - Apportation                    Translocation                1
   b - Blink                          Translocation                2
   c - Shroud of Golubria             Charms/Translocation         2
   d - Portal Projectile              Translocation                3
   e - Teleport Other                 Translocation                3
   f - Passage of Golubria            Translocation                4
Comestibles
 f - a meat ration


   Skills:
 O Level 27 Fighting
 O Level 27 Axes
 O Level 27 Throwing
 O Level 27 Armour
 O Level 27 Dodging
 O Level 27 Stealth
 O Level 27 Unarmed Combat
 O Level 27 Spellcasting
 O Level 27 Translocations
 O Level 27 Invocations


You had 79 spell levels left.
You knew the following spells:

 Your Spells              Type           Power        Failure   Level  Hunger
a - Apportation           Tloc           ######....   0%          1    None


Dungeon Overview and Level Annotations

Branches:
Dungeon (1/1)

Altars:
Makhleb

Annotations:
D The Defiler


Innate Abilities, Weirdness & Mutations

Your body is rotting away.
You thrive on raw meat.
You are immune to poison.
You have sharp fingernails.
You are carnivorous and can eat meat at any time.
Your flesh is cold resistant.
You are immune to negative energy.
You heal slowly when monsters are visible.
You are immune to unholy pain and torment.
You can survive without breathing.


Message History

You kill the observer!
Makhleb accepts your kill.
You feel better.
You hear a shout! x5
You hear a roar!
A large bag of meat comes into view. It is wielding a +9 giant spiked club.
Unknown command. 3 orcs, a phantom and a wraith come into view.
The meat berserker hits you with a +9 battleaxe!!!
You hear a shout! x5
The accursed points at you and mumbles some strange words.
Something smites you! The meat berserker misses you.
The tyrant gestures wildly while chanting.
You hear a shout!
The observer gazes at you. Something smites you!
The bag of meat moves out of view.
You hear a shout!
The Defiler hits you with a +9 demon whip of slashing!!!!!
Ouch! That really hurt!
You die...

........###...... o..
W.#........_..... ...
oo.#......W#.....# .. #.....
###o.W.....CW#_.<._#....
#.....##...o#.......#.....#....
#.%..#....Xo..#....x).._.......
#...G#.........2.G.D.)###......
#%.....G.G.LoO.O.###.......###.
#.....%))X.X..@@...#.)))...# .
#....%)))).........#.)))...#..
#.....))))#....%...x.)))......
#......))#)#§#M.V....)).......
#.....)...#.#.......))))......
#..###.).#.#.#..XXX))))§....##
#. ##...#.#.)XX.#.))§....#.. #
#.......).)L...).....#..
...##.......##%#........


You could see an accursed, 3 tentacled monstrosities, a meat beast, 2 tyrants,
an eight-headed meat hydra, a destroyer, 3 observers, a large bag of meat (inner
flame), 5 large abominations, The Defiler, a wretched soul (wandering), 3
dreads, 2 meat berserkers and 7 bags of meat.

Vanquished Creatures
  Sigmund (D)
  4 hell beasts (D)
  A greater mummy (D)
  2 great orbs of eyes (D)
  3 wraiths (D)
  13 vampire knights (D)
  34 ogres (D)
  5 liches (D)
  65 orcs (D)
  3 phantoms (D)
  4 hill giants (D)
  3 skeletal warriors (D)
  2 large abominations (D)
  6 small abominations (D)
  5 crawling corpses (D)
151 creatures vanquished.

Vanquished Creatures (others)
  A crawling corpse (D)
1 creature vanquished.

Grand Total: 152 creatures vanquished

Notes
Turn   | Place    | Note
--------------------------------------------------------------
     0 | D        | ztt the Ghoul Warper began the quest for the Orb.
     0 | D        | Reached XP level 1. HP: 17/17 MP: 2/2
     3 | D        | Noticed a bag of meat
     3 | D        | Noticed a bag of meat
     4 | D        | Became a worshipper of Makhleb the Destroyer
     5 | D        | Noticed a bag of meat
     7 | D        | Noticed a bag of meat
     7 | D        | Noticed a bag of meat
     7 | D        | Killed a bag of meat
     7 | D        | Reached skill level 11 in Fighting
     7 | D        | Reached skill level 10 in Axes
     7 | D        | Reached skill level 10 in Spellcasting
     7 | D        | Reached skill level 17 in Translocations
     7 | D        | Reached XP level 2. HP: 20/40 MP: 2/12
     7 | D        | Reached XP level 3. HP: 23/47 MP: 2/14
     7 | D        | Reached XP level 4. HP: 26/55 MP: 2/15
     7 | D        | Reached XP level 5. HP: 28/61 MP: 2/17
     7 | D        | Reached XP level 6. HP: 31/68 MP: 2/18
     7 | D        | Reached XP level 7. HP: 33/74 MP: 2/20
     7 | D        | Reached XP level 8. HP: 36/82 MP: 2/21
     7 | D        | Reached XP level 9. HP: 39/89 MP: 2/22
     7 | D        | Reached XP level 10. HP: 42/96 MP: 2/23
     7 | D        | Reached XP level 11. HP: 44/102 MP: 2/24
     7 | D        | Reached XP level 12. HP: 47/110 MP: 2/25
     8 | D        | Killed a bag of meat
     8 | D        | Acquired Makhleb's first power
     8 | D        | Reached skill level 10 in Dodging
     8 | D        | Reached skill level 20 in Translocations
     8 | D        | Reached XP level 13. HP: 49/122 MP: 2/28
     9 | D        | Noticed a bag of meat
     9 | D        | Noticed a bag of meat
     9 | D        | Killed a bag of meat
     9 | D        | Reached skill level 21 in Translocations
     9 | D        | Reached XP level 14. HP: 52/133 MP: 2/30
    10 | D        | Noticed a bag of meat
    10 | D        | Noticed a bag of meat
    11 | D        | Noticed a bag of meat
    11 | D        | Noticed a bag of meat
    11 | D        | Noticed a bag of meat
    11 | D        | Noticed a bag of meat
    11 | D        | Noticed a bag of meat
    12 | D        | Noticed a bag of meat
    12 | D        | Noticed a bag of meat
    13 | D        | Noticed a meat berserker
    13 | D        | Killed a bag of meat
    13 | D        | Acquired Makhleb's second power
    13 | D        | Reached skill level 15 in Fighting
    13 | D        | Reached skill level 23 in Translocations
    13 | D        | Killed a bag of meat
    13 | D        | Reached skill level 24 in Translocations
    13 | D        | Reached XP level 15. HP: 112/145 MP: 3/32
    13 | D        | Killed a meat berserker
    13 | D        | Acquired Makhleb's third power
    13 | D        | Reached skill level 15 in Spellcasting
    13 | D        | Reached skill level 25 in Translocations
    13 | D        | Reached XP level 16. HP: 118/157 MP: 3/34
    14 | D        | Noticed a bag of meat
    14 | D        | Killed a bag of meat
    14 | D        | Reached skill level 26 in Translocations
    14 | D        | Killed a bag of meat
    14 | D        | Reached skill level 5 in Throwing
    14 | D        | Reached skill level 5 in Armour
    14 | D        | Reached skill level 15 in Dodging
    14 | D        | Reached skill level 27 in Translocations
    15 | D        | Noticed a meat berserker
    15 | D        | Noticed a bag of meat
    15 | D        | Noticed a bag of meat
    16 | D        | Noticed a meat berserker
    16 | D        | Noticed a meat berserker
    16 | D        | Noticed a bag of meat
    16 | D        | Killed a bag of meat
    16 | D        | Acquired Makhleb's fourth power
    16 | D        | Reached XP level 17. HP: 167/173 MP: 4/37
    16 | D        | Killed a bag of meat
    16 | D        | Killed a bag of meat
    16 | D        | Killed a bag of meat
    16 | D        | Acquired Makhleb's fifth power
    16 | D        | Reached XP level 18. HP: 181/190 MP: 4/40
    17 | D        | Noticed a meat berserker
    17 | D        | Noticed a bag of meat
    17 | D        | Noticed a bag of meat
    18 | D        | Noticed a meat berserker
    18 | D        | Noticed a meat berserker
    18 | D        | Killed a bag of meat
    18 | D        | Killed a meat berserker
    18 | D        | Killed a bag of meat
    18 | D        | Reached skill level 27 in Fighting
    18 | D        | Reached XP level 19. HP: 162/207 MP: 5/43
    18 | D        | Killed a bag of meat
    19 | D        | Killed a bag of meat
    19 | D        | Reached skill level 27 in Axes
    19 | D        | Killed a bag of meat
    19 | D        | Reached skill level 10 in Throwing
    19 | D        | Reached skill level 10 in Armour
    19 | D        | Noticed a bag of meat
    20 | D        | Noticed a meat berserker
    20 | D        | Killed a bag of meat
    20 | D        | Killed a meat berserker
    20 | D        | Reached XP level 20. HP: 216/216 MP: 5/49
    21 | D        | Noticed a bag of meat
    21 | D        | Noticed a large bag of meat
    21 | D        | Noticed a large bag of meat
    22 | D        | Noticed a bag of meat
    22 | D        | Noticed a destroyer
    22 | D        | Noticed a destroyer
    22 | D        | Noticed a bag of meat
    22 | D        | Killed a meat berserker
    22 | D        | Reached skill level 27 in Spellcasting
    22 | D        | Killed a meat berserker
    22 | D        | Reached skill level 27 in Dodging
    22 | D        | Reached XP level 21. HP: 224/224 MP: 6/51
    22 | D        | Killed a bag of meat
    23 | D        | Noticed a meat berserker
    23 | D        | Noticed a bag of meat
    23 | D        | Noticed a bag of meat
    23 | D        | Killed a meat berserker
    23 | D        | Killed a meat berserker
    23 | D        | Reached XP level 22. HP: 233/233 MP: 6/52
    25 | D        | Noticed a meat berserker
    25 | D        | Noticed a meat berserker
    25 | D        | Noticed a bag of meat
    25 | D        | Noticed a bag of meat
    26 | D        | Noticed a meat berserker
    26 | D        | Killed a bag of meat
    26 | D        | Killed a meat berserker
    26 | D        | Reached skill level 27 in Throwing
    26 | D        | Reached skill level 27 in Armour
    26 | D        | Killed a bag of meat
    26 | D        | Reached skill level 10 in Stealth
    26 | D        | Killed a bag of meat
    26 | D        | Killed a large bag of meat
    26 | D        | Reached skill level 15 in Unarmed Combat
    26 | D        | Reached skill level 15 in Invocations
    26 | D        | Reached XP level 23. HP: 240/240 MP: 7/53
    27 | D        | Noticed a bag of meat
    27 | D        | Killed a destroyer
    27 | D        | Killed a bag of meat
    27 | D        | Killed a bag of meat
    27 | D        | Killed a bag of meat
    27 | D        | Killed a bag of meat
    27 | D        | Reached XP level 24. HP: 249/249 MP: 7/53
    28 | D        | Noticed a destroyer
    28 | D        | Noticed a destroyer
    28 | D        | Noticed a destroyer
    28 | D        | Noticed a bag of meat
    29 | D        | Noticed a meat berserker
    29 | D        | Killed a large bag of meat
    29 | D        | Reached skill level 27 in Stealth
    29 | D        | Killed a bag of meat
    29 | D        | Killed a meat berserker
    29 | D        | Reached skill level 27 in Unarmed Combat
    29 | D        | Reached skill level 27 in Invocations
    30 | D        | Noticed a bag of meat
    30 | D        | Killed a bag of meat
    30 | D        | Killed a meat berserker
    30 | D        | Killed a meat berserker
    30 | D        | Reached XP level 25. HP: 257/257 MP: 8/53
    31 | D        | Killed a bag of meat
    31 | D        | Killed a bag of meat
    31 | D        | Killed a destroyer
    32 | D        | Noticed a bag of meat
    32 | D        | Noticed a bag of meat
    32 | D        | Killed a destroyer
    32 | D        | Reached XP level 26. HP: 257/266 MP: 8/53
    33 | D        | Noticed a bag of meat
    33 | D        | Noticed a bag of meat
    33 | D        | Noticed a destroyer
    34 | D        | Noticed a meat berserker
    34 | D        | Killed a meat berserker
    34 | D        | Killed a bag of meat
    34 | D        | Killed a meat berserker
    34 | D        | Killed a destroyer
    34 | D        | Reached XP level 27. HP: 273/273 MP: 9/53
    35 | D        | Noticed a destroyer
    36 | D        | Noticed a destroyer
    36 | D        | Killed a bag of meat
    36 | D        | Killed a destroyer
    37 | D        | Noticed a meat berserker
    38 | D        | Killed a bag of meat
    40 | D        | Noticed a bag of meat
    40 | D        | Killed a bag of meat
    40 | D        | Killed a destroyer
    40 | D        | Killed a bag of meat
    41 | D        | Noticed a destroyer
    41 | D        | Killed a meat berserker
    41 | D        | Killed a bag of meat
    41 | D        | Killed a destroyer
    42 | D        | Noticed a bag of meat
    42 | D        | Killed a bag of meat
    44 | D        | Noticed a tyrant
    44 | D        | Killed a destroyer
    44 | D        | Killed a meat berserker
    45 | D        | Noticed a meat berserker
    45 | D        | Killed a destroyer
    47 | D        | Noticed a meat berserker
    47 | D        | Noticed a meat berserker
    48 | D        | Noticed a tyrant
    48 | D        | Noticed a tyrant
    49 | D        | Noticed a bag of meat
    50 | D        | Killed a bag of meat
    50 | D        | Killed a meat berserker
    50 | D        | Killed a tyrant
    51 | D        | Killed a meat berserker
    52 | D        | Noticed a tyrant
    54 | D        | Noticed a bag of meat
    54 | D        | Noticed a tyrant
    54 | D        | Killed a tyrant
    54 | D        | Killed a meat berserker
    55 | D        | Noticed a bag of meat
    55 | D        | Noticed a bag of meat
    56 | D        | Noticed a meat berserker
    56 | D        | Noticed a bag of meat
    56 | D        | Noticed a meat berserker
    56 | D        | Noticed a meat berserker
    57 | D        | Noticed a meat berserker
    57 | D        | Noticed a bag of meat
    57 | D        | Noticed a bag of meat
    57 | D        | Noticed a meat berserker
    57 | D        | Noticed a bag of meat
    57 | D        | Noticed a bag of meat
    57 | D        | Noticed a destroyer
    57 | D        | Noticed a destroyer
    57 | D        | Noticed a sculptor of flesh
    58 | D        | Noticed a bag of meat
    58 | D        | Noticed a bag of meat
    58 | D        | Noticed a meat berserker
    58 | D        | Noticed a destroyer
    58 | D        | Noticed a bag of meat
    58 | D        | Noticed a bag of meat
    58 | D        | Noticed a large bag of meat
    59 | D        | Noticed a bag of meat
    59 | D        | Noticed a bag of meat
    59 | D        | Noticed a meat berserker
    59 | D        | Noticed a large bag of meat
    59 | D        | Killed a meat berserker
    59 | D        | Killed a meat berserker
    60 | D        | Noticed a tyrant
    60 | D        | Noticed a bag of meat
    60 | D        | Noticed a meat berserker
    60 | D        | Killed a bag of meat
    60 | D        | Killed a bag of meat
    60 | D        | Killed a bag of meat
    61 | D        | Noticed a meat berserker
    61 | D        | Noticed a bag of meat
    61 | D        | Noticed a dread
    61 | D        | Noticed a meat beast
    62 | D        | Noticed a bag of meat
    62 | D        | Noticed a meat berserker
    62 | D        | Killed a bag of meat
    62 | D        | Killed a bag of meat
    62 | D        | Killed a destroyer
    62 | D        | Killed a meat berserker
    62 | D        | Killed a meat berserker
    63 | D        | Noticed a bag of meat
    63 | D        | Killed a bag of meat
    63 | D        | Killed a bag of meat
    63 | D        | Killed a destroyer
    63 | D        | Killed a meat berserker
    63 | D        | Killed a meat berserker
    63 | D        | Noticed a meat beast
    64 | D        | Killed a meat berserker
    64 | D        | Killed a bag of meat
    64 | D        | Killed a bag of meat
    64 | D        | Killed a sculptor of flesh
    65 | D        | Noticed a meat berserker
    65 | D        | Noticed a bag of meat
    65 | D        | Noticed a dread
    65 | D        | Killed a tyrant
    65 | D        | Killed a large bag of meat
    65 | D        | Killed a bag of meat
    65 | D        | Killed a meat beast
    66 | D        | Killed a bag of meat
    66 | D        | Killed a bag of meat
    66 | D        | Killed a large bag of meat
    66 | D        | Killed a meat beast
    66 | D        | Killed a bag of meat
    66 | D        | Killed a bag of meat
    67 | D        | Noticed a bag of meat
    67 | D        | Killed a meat berserker
    67 | D        | Killed a bag of meat
    68 | D        | Noticed a meat berserker
    68 | D        | Killed a meat berserker
    68 | D        | Killed a destroyer
    68 | D        | Killed a meat berserker
    70 | D        | Noticed a destroyer
    70 | D        | Noticed a meat berserker
    70 | D        | Noticed a sculptor of flesh
    71 | D        | Noticed a meat berserker
    71 | D        | Noticed a bag of meat
    71 | D        | Noticed a sculptor of flesh
    71 | D        | Killed a tyrant
    71 | D        | Killed a dread
    71 | D        | Killed a bag of meat
    71 | D        | Killed a dread
    72 | D        | Noticed a bag of meat
    72 | D        | Noticed a bag of meat
    72 | D        | Killed a meat berserker
    72 | D        | Killed a tyrant
    73 | D        | Noticed a dread
    73 | D        | Killed a bag of meat
    73 | D        | Killed a meat berserker
    73 | D        | Killed a bag of meat
    74 | D        | Killed a bag of meat
    74 | D        | Killed a bag of meat
    75 | D        | Noticed a meat berserker
    75 | D        | Killed a meat berserker
    75 | D        | Killed a bag of meat
    76 | D        | Noticed The Captor
    77 | D        | Noticed a bag of meat
    77 | D        | Killed a meat berserker
    77 | D        | Killed a bag of meat
    78 | D        | Killed a destroyer
    78 | D        | Killed a bag of meat
    79 | D        | Killed a sculptor of flesh
    80 | D        | Noticed a bag of meat
    80 | D        | Killed The Captor
    80 | D        | Killed a meat berserker
    81 | D        | Noticed a meat berserker
    83 | D        | Noticed a bag of meat
    83 | D        | Killed a bag of meat
    83 | D        | Killed a bag of meat
    84 | D        | Noticed a wretched soul
    84 | D        | Killed a sculptor of flesh
    84 | D        | Killed a bag of meat
    85 | D        | Noticed a wretched soul
    85 | D        | Killed a dread
    85 | D        | Killed a bag of meat
    87 | D        | Killed a meat berserker
    87 | D        | Killed a bag of meat
    90 | D        | Killed a wretched soul
    92 | D        | Noticed an accursed
    92 | D        | Noticed a wretched soul
    93 | D        | Noticed a meat beast
    93 | D        | Killed an accursed
    93 | D        | Killed a wretched soul
    94 | D        | Noticed an observer
    95 | D        | Noticed a meat beast
    95 | D        | Noticed an observer
    95 | D        | Noticed a destroyer
    96 | D        | Killed a meat beast
    97 | D        | Noticed a bag of meat
    97 | D        | Noticed an observer
    97 | D        | Noticed an observer
    98 | D        | Noticed The Defiler
    98 | D        | Noticed an accursed
    98 | D        | Noticed a tyrant
    98 | D        | Killed an observer
    99 | D        | Noticed a meat berserker
    99 | D        | Noticed an observer
    99 | D        | Killed a meat beast
    99 | D        | Killed a wretched soul
   100 | D        | Noticed a bag of meat
   100 | D        | Noticed a bag of meat
   100 | D        | Noticed a meat berserker
   100 | D        | Noticed a bag of meat
   100 | D        | Noticed a dread
   100 | D        | Noticed a meat beast
   100 | D        | Noticed a tyrant
   101 | D        | Noticed a bag of meat
   101 | D        | Noticed a dread
   101 | D        | Killed an observer
   102 | D        | Noticed a large bag of meat
   102 | D        | Noticed a bag of meat
   102 | D        | Noticed a bag of meat
   102 | D        | Noticed a bag of meat
   102 | D        | Noticed a wretched soul
   102 | D        | Noticed a dread
   102 | D        | Annihilated by The Defiler

Vault maps used:
D:        meatsprint

Action                   |  1- 3 |  4- 6 |  7- 9 | 10-12 | 13-15 | 16-18 | 19-21 | 22-24 | 25-27 || total
-------------------------+-------+-------+-------+-------+-------+-------+-------+-------+-------++-------
Melee: Executioner's axe |     1 |       |       |     1 |     2 |     3 |     4 |     4 |    43 ||    58
 Cast: Apportation       |       |       |       |       |       |       |       |       |     2 ||     2
